 Dungeon Crawl Stone Soup version 0.31-a0-180-g519b7de00c (webtiles) character file.

Game seed: 2497070510759064159

393 qw the Chopper (level 6, -3/38 HPs)
             Began as a Gargoyle Fighter on June 19, 2023.
             Slain by a wight
             ... wielding a +4 mace
              (8 damage)
             ... on level 5 of the Dungeon.
             The game lasted 00:01:26 (2345 turns).

qw the Chopper (Gargoyle Fighter)                   Turns: 2345, Time: 00:01:26

Health: -3/38      AC: 14    Str: 21    XL:     6   Next: 81%
Magic:  6/6        EV: 10    Int:  9    God:
Gold:   107        SH:  5    Dex: 15    Spells: 5/5 levels left

rFire   . . .        Y - +0 war axe (flame)
rCold   . . .        c - +0 buckler
rNeg    + . .        b - +0 scale mail
rPois   inf          (no helmet)
rElec   +            h - +1 cloak
rCorr   .            (no gloves)
SInv    .            f - +0 pair of boots
Will    .....        (no amulet) Stlth
                     i - +6 ring of dexterity
HPRegen 0.26/turn    (no ring)
MPRegen 0.10/turn

%: no passive effects
@: no status effects
A: sickness immunity, AC +4, negative energy resistance 1, electricity
resistance, torment resistance 1, petrification resistance
a: no special abilities


You were on level 5 of the Dungeon.
You visited 1 branch of the dungeon, and saw 4 of its levels.

You collected 107 gold pieces.


Innate Abilities, Weirdness & Mutations

You are immune to sickness and miasma.
Your stone body is resilient. (AC +4)
You are immune to poison.
You resist negative energy. (rN+)
You are resistant to electric shocks. (rElec)
You are resistant to unholy torment.
You are immune to petrification.


   Skills:
 - Level 4.0 Fighting
 + Level 5.8 Axes
 - Level 3.2 Armour
 - Level 1.2 Dodging
 - Level 3.2 Shields


You had 5 spell levels left.
You didn't know any spells.
Your spell library was empty.

Inventory:

Hand Weapons
 Y - a +0 war axe of flaming (weapon)
Armour
 b - a +0 scale mail (worn)
 c - a +0 buckler (worn)
 f - a +0 pair of boots (worn)
 h - a +1 cloak (worn)
 k - an orb of energy
Jewellery
 i - a +6 ring of dexterity (left hand)
Scrolls
 a - a scroll of blinking {unknown}
 e - a scroll of revelation {unknown}
 m - a scroll of identify
Potions
 d - a potion of might
 g - a potion of heal wounds {unknown}
 j - a potion of curing {unknown}
 l - 2 potions of haste {unknown}

Dungeon Overview and Level Annotations

Branches:
Dungeon (5/15)
 Temple: D:4-7

Altars:


Message History

You barely miss the ogre.
The ogre is severely wounded.
The ogre hits you with a +0 giant club!
You hit the ogre but do no damage.
The ogre is severely wounded.
The ogre closely misses you.
You slash the ogre! You burn the ogre.
You kill the ogre!
You start resting.
A wight comes into view. It is wielding a +4 war axe.
2295 ||| Stepping ~*~*~tactically~*~*~ (stealth).
Items here: )))).
You start resting.
A wight comes into view. It is wielding a +4 long sword.
2306 ||| Stepping ~*~*~tactically~*~*~ (stealth).
You start resting.
A wight is nearby!
2308 ||| Stepping ~*~*~tactically~*~*~ (stealth).
2309 ||| Stepping ~*~*~tactically~*~*~ (stealth).
Enter note: You start resting.
A wight is nearby!
You barely miss the wight. The wight hits you with a +4 war axe!
You hit the wight. You burn the wight.
The wight is lightly damaged.
The wight hits you with a +4 war axe! The wight barely misses you.
You hit the wight. You burn the wight.
The wight is severely damaged.
The wight hits you with a +4 war axe!
You hit the wight but do no damage.
The wight is severely damaged.
The wight hits you with a +4 war axe.
You slash the wight! You burn the wight.
You destroy the wight!
You start resting.
A wight comes into view. It is wielding a +4 mace.
You completely miss the wight. The wight hits you with a +4 mace!
You die...

.##.#........
............
..#........
.......... ##
......... ..
#.)...... #'
##........
##.###z........
#.....#@....##. .
##....###...#
...##
#.../#.#..##
....##........##
....z..........##
#..............#
#.....z.........
#
#..###.....>....
#.
#...#...........


You could see a wight.

Vanquished Creatures
  An ogre (D:5)
  A wight (D:5)
  A hound (D:5)
  Terence (D:1)
  2 orc wizards (D:5)
  7 gnolls
  3 adders
  3 dart slugs (D:1)
  2 orcs (D:5)
  8 endoplasms
  4 giant cockroaches (D:1)
  10 goblins
  2 hobgoblins (D:1)
  4 jackals
  A kobold (D:2)
  A quokka (D:1)
  6 ball pythons
  5 bats
  2 frilled lizards (D:1)
  6 rats
70 creatures vanquished.

Notes
Turn   | Place    | Note
-------+----------+-------------------------------------------
     0 | D:1      | qw the Gargoyle Fighter began the quest for the Orb.
     0 | D:1      | Reached XP level 1. HP: 14/14 MP: 1/1
     0 | D:1      | 0 ||| qw: Version: 0.3-a-7-ge0c9b40
     0 | D:1      | 0 ||| qw: Game counter: 1105
     0 | D:1      | 0 ||| qw: Always use a shield: true
     0 | D:1      | 0 ||| qw: God list: Okawaru
     0 | D:1      | 0 ||| qw: Allow faded altars: false
     0 | D:1      | 0 ||| qw: Do Orc after D:15 true
     0 | D:1      | 0 ||| qw: Do second Lair branch before Depths: true
     0 | D:1      | 0 ||| qw: Lair rune preference: random
     0 | D:1      | 0 ||| qw: Plans: Normal, Zot:1-4, Slime:5, God:TSO, Crypt,
                  | Tomb, Abyss, Pan, Hells, Win
     0 | D:1      | 0 ||| PLANNING D:1-11
    51 | D:1      | Reached skill level 2 in Axes
   127 | D:1      | Reached XP level 2. HP: 19/19 MP: 2/2
   292 | D:1      | Reached skill level 3 in Axes
   298 | D:1      | Reached XP level 3. HP: 17/23 MP: 3/3
   648 | D:1      | 648 ||| FLEEEEING.
   649 | D:1      | 649 ||| FLEEEEING.
   650 | D:1      | 650 ||| FLEEEEING.
   651 | D:1      | 651 ||| FLEEEEING.
   652 | D:1      | 652 ||| FLEEEEING.
   827 | D:1      | 827 ||| UPGRADING to +0 pair of boots.
   832 | D:1      | 832 ||| UPGRADING to +1 cloak.
   837 | D:1      | 837 ||| UPGRADING to +6 ring of dexterity.
   838 | D:1      | 838 ||| READING scroll labelled PYEZEK EMIUNISM.
   862 | D:2      | Noticed Terence
   872 | D:2      | 872 ||| STAIRDANCE
   875 | D:1      | Killed Terence
   876 | D:1      | Reached skill level 1 in Dodging
   876 | D:1      | Reached XP level 4. HP: 22/28 MP: 4/4
   988 | D:2      | 988 ||| Stepping ~*~*~tactically~*~*~ (stealth).
   990 | D:2      | 990 ||| Stepping ~*~*~tactically~*~*~ (stealth).
  1584 | D:2      | Reached skill level 4 in Axes
  1594 | D:2      | Identified the +2 whip of Reason {elec, rPois Will+ Int+2}
  1596 | D:2      | 1596 ||| DROPPING +0 club.
  1628 | D:2      | 1628 ||| READING scroll labelled ZEELAM MIPSYOP.
  1629 | D:2      | 1629 ||| DROPPING +2 whip of Reason {elec, rPois Will+
                  | Int+2}.
  1630 | D:2      | 1630 ||| READING scroll labelled WIRELO LAEMN.
  1631 | D:2      | 1631 ||| READING scroll labelled IHUGOE IP POG.
  1716 | D:3      | 1716 ||| Stepping ~*~*~tactically~*~*~ (stealth).
  1865 | D:3      | Reached XP level 5. HP: 28/32 MP: 5/5
  1969 | D:3      | 1969 ||| Stepping ~*~*~tactically~*~*~ (hiding).
  2043 | D:3      | You fall into a shaft and drop 2 floors!
  2043 | D:5      | Entered Level 5 of the Dungeon
  2061 | D:5      | 2061 ||| Stepping ~*~*~tactically~*~*~ (stealth).
  2062 | D:5      | 2062 ||| Stepping ~*~*~tactically~*~*~ (stealth).
  2063 | D:5      | 2063 ||| Stepping ~*~*~tactically~*~*~ (stealth).
  2098 | D:5      | 2098 ||| Stepping ~*~*~tactically~*~*~ (hiding).
  2223 | D:5      | 2223 ||| Stepping ~*~*~tactically~*~*~ (stealth).
  2232 | D:5      | Reached skill level 5 in Axes
  2241 | D:5      | Reached XP level 6. HP: 32/38 MP: 6/6
  2295 | D:5      | 2295 ||| Stepping ~*~*~tactically~*~*~ (stealth).
  2306 | D:5      | 2306 ||| Stepping ~*~*~tactically~*~*~ (stealth).
  2308 | D:5      | 2308 ||| Stepping ~*~*~tactically~*~*~ (stealth).
  2309 | D:5      | 2309 ||| Stepping ~*~*~tactically~*~*~ (stealth).
  2340 | D:5      | HP: 9/38 [wight/+4 war axe (10)]
  2341 | D:5      | HP: 4/38 [wight/+4 war axe (5)]
  2345 | D:5      | Slain by a wight

Levels and vault maps discovered:
D:1:      lightli_arrival_farm, layout_loops_ring
D:2:      layout_loops_ring, minmay_pentomino_p4, uniq_terence
D:3:      layout_loops_ring, tgw_sif, grunt_decor_one_mirror,
          kennysheep_pointless_box, minmay_gold_behind_fungi, uniq_ijyb
D:5:      layout_cave_pools, gammafunk_temple_overflow_elements,
          minmay_temple_entry_hall, minmay_misc_feat_iff

Skill      XL: |  1  2  3  4  5  6 |
---------------+-------------------+-----
Axes           | 2 3 4 5 |  5.8
Dodging        | 1 |  1.2
Fighting       | 4 |  4.0
Armour         | |  3.2
Shields        | |  3.2

Action                     |  1- 3 |  4- 6 || total
---------------------------+-------+-------++-------
  Melee: War axe           |    97 |   129 ||   226
    Use: Scroll            |     1 |     3 ||     4
 Armour: Scale mail        |    53 |    68 ||   121
  Dodge: Dodged            |    31 |    52 ||    83
  Block: Buckler           |    21 |    27 ||    48

Table legend:
 A = Non-vault XP
 B = Vault XP
 C = Vault XP percentage of total XP
 D = Non-vault monster count
 E = Vault monster count
 F = Vault count percentage of total count
                 A         B        C        D         E       F
            +---------+---------+-------+---------+---------+-------
      Total |     519 |      43 |   7.7 |      65 |       5 |   7.1
            +---------+---------+-------+---------+---------+-------
        D:1 |      71 |      36 |  33.6 |      31 |       1 |   3.1
        D:2 |      30 |       7 |  18.9 |      13 |       4 |  23.5
        D:3 |      79 |       0 |   0.0 |      11 |       0 |   0.0
        D:5 |     339 |       0 |   0.0 |      10 |       0 |   0.0
            +---------+---------+-------+---------+---------+-------
